 Dungeon Crawl Stone Soup version 0.21.1-1-g345015fe64 (webtiles) character file.

193 Jannitor the Sneak (level 5, 0/24 HPs)
             Began as a Vine Stalker Earth Elementalist on May 23, 2018.
             Succumbed to a scorpion's poison
             ... on level 4 of the Dungeon.
             The game lasted 00:08:07 (3379 turns).

Jannitor the Sneak (VSEE)                           Turns: 3379, Time: 00:08:07

Health: 0/24       AC:  3    Str: 14    XL:     5   Next: 72%
Magic:  9/9        EV: 17    Int: 16    God:
Gold:   190        SH:  0    Dex: 20    Spells: 1/8 levels left

rFire    + . .     SeeInvis .   l - +2 dagger (speed)
rCold    + . .     Gourm    .   (no shield)
rNeg     . . .     Faith    .   c - +0 robe
rPois    +         Spirit   +   (no helmet)
rElec    +         Reflect  .   (no cloak)
rCorr    +         Harm     .   (no gloves)
MR       +....                  a - +0 pair of boots
Stlth    ++++......             f - amulet of magic regeneration
HPRegen  0.48/turn              k - +4 ring of strength
MPRegen  0.36/turn              t - ring of protection from magic

@: agile, lethally poisoned (0 -> -3), resistant
A: fangs 2, regeneration 1, magic shield, antimagic bite, no potion heal 3, rot
immunity
a: no special abilities


You were on level 4 of the Dungeon.
You were not hungry.

You visited 2 branches of the dungeon, and saw 6 of its levels.

You collected 190 gold pieces.

Inventory:

Hand Weapons
 j - a +0 dagger
 l - a +2 dagger of speed (weapon)
Missiles
 b - 166 stones (quivered)
Armour
 a - a +0 pair of boots (worn)
 c - a +0 robe (worn)
 v - the +0 plate armour of Ru's Whim {rF++}
   (You found it on level 4 of the Dungeon)

   It greatly protects you from fire.
Jewellery
 f - an amulet of magic regeneration (around neck)
 k - a +4 ring of strength (left hand)
 n - a cursed ring of teleportation {unknown}
 p - an uncursed ring of fire
 t - a ring of protection from magic (right hand)
Scrolls
 g - a scroll of teleportation
 h - a scroll of identify
 m - 5 scrolls of remove curse
 s - a scroll of fog
Potions
 o - a potion of ambrosia
 q - a potion of heal wounds
Books
 e - a book of Geomancy

   Spells                             Type                      Level
   a - Sandblast                      Earth                        1
   b - Passwall                       Transmutation/Earth          2
   c - Stone Arrow                    Conjuration/Earth            3
   d - Petrify                        Transmutation/Earth          4
   e - Lee's Rapid Deconstruction     Earth                        5
 r - a book of Maledictions

   Spells                             Type                      Level
   a - Corona                         Hexes                        1
   b - Ensorcelled Hibernation        Hexes/Ice                    2
   c - Confuse                        Hexes                        3
   d - Tukima's Dance                 Hexes                        3
   e - Dazzling Spray                 Conjuration/Hexes            3
Comestibles
 d - 4 rations


   Skills:
 + Level 1.4 Short Blades
 - Level 1.6 Dodging
 + Level 4.6 Stealth
 - Level 2.2 Spellcasting
 + Level 2.6 Transmutations
 + Level 4.2 Earth Magic


You had one spell level left.
You knew the following spells:

 Your Spells              Type           Power        Failure   Level  Hunger
a - Sandblast             Erth           ###...       3%          1    #......
b - Passwall              Tmut/Erth      ##........   8%          2    ###....
c - Petrify               Tmut/Erth      ##......     45%         4    #####..


Dungeon Overview and Level Annotations

Branches:
Dungeon (5/15)             Temple (1/1) D:4

Altars:
Cheibriados
Elyvilon
Fedhas
Gozag
Kikubaaqudgha
Nemelex Xobeh
Okawaru
Qazlal
Sif Muna
Uskayaw
Vehumet
The Shining One

Shops:
D:4 [*[%

Annotations:
D:3 Dommiel19's ghost, amateur KoBe
D:4 exclusion: 2 ogres


Innate Abilities, Weirdness & Mutations

You have extremely sharp teeth.
Your natural rate of healing is unusually fast.
When hurt, damage is shared between your health and your magic reserves.
Your bite disrupts and absorbs the magic of your enemies.
Potions cannot restore your health.
You are immune to rotting.


Message History

The scorpion is lightly wounded.
You hit the scorpion. Your bite misses the scorpion.
The scorpion is moderately wounded.
* * * LOW HITPOINT WARNING * * *
You feel sick.
The scorpion stings you but does no damage.
You hit the scorpion but do no damage. You bite the scorpion.
You drain its power.
You feel invigorated.
The scorpion is heavily wounded.
* * * LOW HITPOINT WARNING * * *
You feel sick. The scorpion completely misses you.
You hit the scorpion but do no damage.
The scorpion is heavily wounded.
You hit the scorpion. Your bite misses the scorpion.
The scorpion is heavily wounded.
* * * LOW HITPOINT WARNING * * *
You feel sick. The scorpion closely misses you.
You closely miss the scorpion. Your bite misses the scorpion.
The scorpion is heavily wounded.
You die...

#...### #
#.....###### #
##.#........####
####
#####.###..#####....
#..### ##.....# ##.#
##### .....###
#...>.## ### #
.......# ##.....#
.......## #....s.# #
).......# ##...@.# #
........# #.....# #
........# ##.....##
........# #.......#
#.....#.####.##....#
#......∩..#.###..###
##....#.#....#####
.....##.#....## ###
#...###.......##
##.##


You could see a scorpion.

Vanquished Creatures
  A howler monkey (D:4)
  A hound (D:5)
  Terence (D:3)
  A worker ant (D:4)
  3 adders (D:2)
  2 oozes
  A worm (D:2)
  A dart slug (D:1)
  A ball python (D:4)
  4 giant cockroaches
  6 goblins (D:1)
  4 hobgoblins
  A kobold (D:2)
  2 quokkas
  5 bats
  4 frilled lizards
  3 rats
41 creatures vanquished.

Notes
Turn   | Place    | Note
-------+----------+-------------------------------------------
     0 | D:1      | Jannitor the Vine Stalker Earth Elementalist began the quest for the Orb.
     0 | D:1      | Reached XP level 1. HP: 9/9 MP: 4/4
   273 | D:1      | Reached XP level 2. HP: 13/13 MP: 4/6
   360 | D:1      | Learned a level 2 spell: Passwall
   544 | D:1      | Reached XP level 3. HP: 16/16 MP: 7/7
   640 | D:1      | You fall through a shaft!
   664 | D:2      | Found a deep blue altar of Sif Muna.
   886 | D:2      | You fall through a shaft!
   891 | D:3      | Noticed Terence
   930 | D:3      | Noticed Dommiel19's ghost (amateur KoBe)
  1423 | D:2      | Gained mutation: Your natural rate of healing is unusually fast. [Vine Stalker growth]
  1423 | D:2      | Reached XP level 4. HP: 5/21 MP: 8/8
  1833 | D:2      | Found a faded altar of an unknown god.
  2002 | D:3      | Killed Terence
  2043 | D:4      | Found Susche Uph's Assorted Antiques.
  2078 | D:4      | Reached skill level 1 in Short Blades
  2078 | D:4      | Reached XP level 5. HP: 16/24 MP: 9/9
  2191 | D:4      | Learned a level 4 spell: Petrify
  2226 | D:4      | Found Gouqec's Food Emporium.
  2226 | D:4      | Found Hievuod's Antique Armour Emporium.
  2230 | D:4      | Got a faintly glowing plate armour
  2302 | D:4      | Identified the cursed +0 plate armour of Ru's Whim {rF++} (You found it on level 4 of the Dungeon)
  2330 | D:4      | Noticed an ogre
  2345 | D:4      | Found Qelazux's Armour Shoppe.
  2553 | D:4      | Found a staircase to the Ecumenical Temple.
  2558 | Temple   | Entered the Ecumenical Temple
  2804 | D:4      | Found an ancient bone altar of Kikubaaqudgha.
  2910 | D:4      | Noticed an ogre
  3287 | D:5      | Entered Level 5 of the Dungeon
  3341 | D:5      | Found a hide-covered altar of Uskayaw.
  3344 | D:5      | Noticed a dagger
  3346 | D:5      | Noticed a dagger
  3376 | D:4      | HP: 1/24 [poisoned by a scorpion]
  3379 | D:4      | Succumbed to a scorpion's poison

Skill      XL: |  1  2  3  4 |
---------------+-------------+-----
Stealth        | 3 4 |  4.6
Transmutations | 2 |  2.6
Short Blades   | 1 |  1.4
Earth Magic    | 4 |  4.2
Dodging        | |  1.6
Spellcasting   | |  2.2

Action                   |  1- 3 |  4- 6 || total
-------------------------+-------+-------++-------
Melee: Unarmed           |    11 |       ||    11
       Bite              |    25 |    45 ||    70
       Dagger            |    79 |   111 ||   190
 Cast: Sandblast         |     6 |       ||     6
  Use: Scroll            |     2 |     4 ||     6
       Potion            |     1 |     6 ||     7
 Stab: Sleeping          |     7 |       ||     7
  Eat: Chunk             |     1 |     3 ||     4
       Ration            |       |     1 ||     1
Armor: Robe              |    19 |    11 ||    30
Dodge: Dodged            |    52 |    43 ||    95
